 Dungeon Crawl Stone Soup version 0.27-a0-1060-gcb85b5eba1 (webtiles) character file.

Game seed: 13410652119507213482

17647 pokeman the Eclecticist (level 12, -19/66 HPs)
             Began as a Deep Elf Hedge Wizard on Apr 21, 2021.
             Was an Elder of Vehumet.
             Killed from afar by Jorgrun (32 damage)
             ... with an iron shot
             ... on level 12 of the Dungeon.
             The game lasted 00:54:44 (19178 turns).

pokeman the Eclecticist (Deep Elf Hedge Wizard)    Turns: 19178, Time: 00:54:45

Health: -19/66     AC:  7    Str:  7    XL:     12   Next: 20%
Magic:  1/34       EV: 13    Int: 34    God:    Vehumet [****..]
Gold:   445        SH:  5    Dex: 14    Spells: 19/43 levels left

rFire    . . .     SeeInvis .   a - staff of death
rCold    . . .     Faith    .   r - +0 buckler
rNeg     + . .     Spirit   .   o - +0 steam dragon scales
rPois    .         Reflect  .   I - +0 hat {Int+3}
rElec    .         Harm     .   S - +0 cloak
rCorr    .         Rampage  .   (no gloves)
Will     +....                  (no boots)
Stlth    ++........             (no amulet)
HPRegen  0.21/turn              g - +6 ring of intelligence
MPRegen  0.24/turn              U - ring of wizardry

@: studying Polearms
A: no striking features
a: Renounce Religion


You were on level 12 of the Dungeon.
You worshipped Vehumet.
Vehumet was greatly pleased with you.
You visited 2 branches of the dungeon, and saw 13 of its levels.
You also visited: Sewer and Bailey.

You collected 799 gold pieces.
You spent 354 gold pieces at shops.

Inventory:

Hand Weapons
 b - a +1 short sword of draining
 n - the +3 spear of Pain and Death {holy, Dex+2}
   (You found it on level 7 of the Dungeon)

   It has been blessed by the Shining One to cause great damage to the undead
   and demons.
   It affects your dexterity (+2).
 u - a +2 whip of electrocution
 y - a +0 hand crossbow
 R - a +2 vorpal shortbow
Missiles
 f - 150 arrows
 s - 92 bolts
 C - 3 curare-tipped darts
 T - a throwing net
Armour
 o - +0 steam dragon scales (worn)
 r - a +0 buckler (worn)
 I - a +0 hat of intelligence (worn)
 S - a +0 cloak (worn)
Magical Staves
 a - a staff of death (weapon)
Jewellery
 g - a +6 ring of intelligence (left hand)
 i - a +6 ring of strength
 U - a ring of wizardry (right hand)
 V - a ring of protection from fire
Wands
 v - a wand of charming (4)
 w - a wand of polymorph (18)
 H - a wand of paralysis (3)
 P - a wand of iceblast (10)
Scrolls
 d - 3 scrolls of vulnerability
 e - 3 scrolls of magic mapping
 j - 3 scrolls of amnesia
 k - 2 scrolls of fog
 l - 3 scrolls of enchant weapon
 m - 3 scrolls of fear
 p - a scroll of immolation {unknown}
 t - 3 scrolls of teleportation
 F - 3 scrolls of enchant armour
 G - 2 scrolls of identify
 J - a scroll of silence {unknown}
 K - a scroll of blinking
 N - 2 scrolls of acquirement {unknown}
 Q - 2 scrolls of summoning {unknown}
Potions
 c - a potion of lignification
 h - a potion of invisibility {unknown}
 q - a potion of ambrosia {unknown}
 x - 13 potions of heal wounds
 z - 2 potions of might {unknown}
 A - 2 potions of brilliance
 B - 4 potions of curing
 D - a potion of flight {unknown}
 E - 2 potions of cancellation
 L - 2 potions of mutation {unknown}
 M - 5 potions of magic
 O - a potion of berserk rage


   Skills:
 - Level 4.1 Fighting
 + Level 4.1 Armour
 - Level 3.0 Dodging
 - Level 3.2 Stealth
 - Level 4.0 Shields
 * Level 16.2 Spellcasting
 + Level 10.0 Conjurations
 - Level 1.1 Summonings
 - Level 1.1 Translocations
 + Level 7.9 Fire Magic
 - Level 1.0 Ice Magic
 - Level 1.0 Air Magic
 - Level 1.0 Poison Magic
 - Level 5.0 Evocations


You had 19 spell levels left.
You knew the following spells:

 Your Spells              Type           Power      Damage    Failure   Level
a - Magic Dart            Conj           100%       1d8       0%          1
b - Mephitic Cloud        Conj/Pois/Air  53%        N/A       1%          3
c - Call Imp              Summ           35%        N/A       1%          2
d - Blink                 Tloc           N/A        N/A       1%          2
e - Conjure Flame         Conj/Fire      73%        6-21      1%          3
f - Shock                 Conj/Air       100%       1d9       1%          1
g - Starburst             Conj/Fire      36%        8x6d11    1%          6
h - Freezing Cloud        Conj/Ice/Air   26%        6-21      4%          6

Your spell library contained the following spells:

 Spells                   Type           Power      Damage    Failure   Level
 Summon Small Mammal      Summ           100%       N/A       1%          1
 Poisonous Vapours        Pois/Air       68%        N/A       1%          2
 Searing Ray              Conj           100%       3d7       1%          2
 Slow                     Hex            27%        N/A       1%          2
 Call Canine Familiar     Summ           35%        N/A       1%          3
 Dazzling Flash           Conj/Hex       100%       N/A       1%          3
 Summon Guardian Golem    Hex/Summ       31%        N/A       1%          3
 Fulminant Prism          Conj/Hex       28%        3d14      1%          4
 Iskenderun's Mystic Bla  Conj/Tloc      60%        2d13      1%          4
 Irradiate                Conj/Tmut      28%        3d22      1%          5
 Summon Ice Beast         Ice/Summ       35%        N/A       3%          4
 Summon Lightning Spire   Summ/Air       34%        N/A       3%          4
 Blade Hands              Tmut           13%        N/A       61%         6
 Statue Form              Tmut/Erth      18%        N/A       61%         6
 Dragon Form              Tmut           13%        N/A       99%         7


Dungeon Overview and Level Annotations

Branches:
Dungeon (12/15)            Temple (1/1) D:5            Lair (0/6) D:10
  Sewer (visited)          Bailey (visited)
    Orc: D:9-12

Altars:
Ashenzari
Cheibriados
Fedhas
Gozag
Hepliaklqana
Kikubaaqudgha
Makhleb
Nemelex Xobeh
Qazlal
Sif Muna
Trog
Uskayaw
Vehumet
Xom
Yredelemnul
Zin

Shops:
D:7 ?

Annotations:
D:12 Jorgrun


Message History

Confirm with . or Enter, or press ? or * to list all spells.
Casting: Starburst (dangerous; 1% risk of failure)
Press: ? - help, Dir - look around, f - activate The bolt of fire hits the cyclops!!
You kill the cyclops!
Vehumet accepts your kill.
You feel your power returning.
The bolt of fire misses Jorgrun.
Your Conjurations skill increases to level 10!
Unknown command.
Casting: Starburst (dangerous; 1% risk of failure)
Confirm with . or Enter, or press ? or * to list all spells.
Aiming: Mephitic Cloud (safe; 1% risk of failure)
Press: ? - help, Shift-Dir - straight line, f - Jorgrun
Aim: Jorgrun, wielding a staff of earth and wearing a +0 robe (heavily wounded, chance to affect: 29%)
The ball explodes into a vile cloud!
The stinking cloud engulfs Jorgrun but does no damage.
Jorgrun is heavily wounded.
Jorgrun is engulfed in noxious fumes.
Jorgrun points at you and mumbles some strange words.
The wall shatters!
The blast of rock fragments hits you!
Unknown command.
Unknown command.
Casting: Mephitic Cloud (safe; 1% risk of failure)
Confirm with . or Enter, or press ? or * to list all spells.
Casting: Starburst (dangerous; 1% risk of failure)
Press: ? - help, Dir - look around, f - activate The bolt of fire hits Jorgrun!!!
Jorgrun is severely wounded.
A wraith comes into view.
Jorgrun is engulfed in noxious fumes.
Jorgrun casts a spell past you.
The wall shatters!
The blast of rock fragments hits you!!!
Ouch! That really hurt!
* * * LOW HITPOINT WARNING * * *
Unknown command.
Jorgrun is engulfed in noxious fumes.
Jorgrun is engulfed in noxious fumes.
Jorgrun gestures at you while chanting. The iron shot hits you!!
You die...

############ ##
#..........#
##.#.○######.########.#
..W.°°○g..@..# #.#
..#.########## #.#
####.# ..##.# #.##.#
#.# #.##.# # #.# #.##.#
#.# ##.## ##.##.#
#.###...####...#.#


You could see Jorgrun.

Vanquished Creatures
  A hydra (D:11)
  Erica (D:9)
  A boulder beetle (D:11)
  2 two-headed ogres
  Nergalle (D:12)
  An orc knight (Bailey)
  2 deep elf pyromancers (D:12)
  The ghost of Rassilon the Insei, a novice GnTm (D:5)
  2 cyclopes
  A manticore (D:12)
  Maurice (D:8)
  Joseph (D:7)
  The ghost of kd29 the Changer, a novice DrTm (D:5)
  A gargoyle (D:11)
  2 unseen horrors (D:11)
  2 kobold demonologists
  A troll (D:11)
  A shadow (D:11)
  2 vampires (D:12)
  A wyvern (D:9)
  3 yaks (D:11)
  A wraith (D:10)
  Grum (D:9)
  3 steam dragons
  2 acid dragons (D:10)
  A water moccasin (D:7)
  3 orc warriors
  An ice beast (D:6)
  2 sky beasts (D:6)
  3 necrophages
  2 wolves (D:9)
  2 centaurs
  A phantom (D:4)
  5 ogres
  4 kobold brigands
  3 bullfrogs
  4 scorpions
  4 gnoll sergeants
  14 killer bees
  13 wights
  2 howler monkeys
  The ghost of Zeld the Conjurer, a weakling OpCj (D:5)
  A bullfrog zombie (D:7)
  4 centaur zombies
  2 jellies (D:5)
  7 orc priests
  3 hounds
  2 bullfrog skeletons
  A gnoll shaman (D:10)
  4 iguanas (D:4)
  A centaur skeleton (D:7)
  8 orc wizards
  2 killer bee zombies (D:6)
  A hound skeleton (D:4)
  2 howler monkey zombies
  33 gnolls
  4 river rats (Sewer)
  8 adders
  2 shadow imps (D:8)
  3 white imps
  An ufetubus (D:6)
  2 worms
  2 adder skeletons (D:4)
  3 dart slugs
  36 orcs
  8 endoplasms
  2 giant cockroaches (D:1)
  9 goblins
  11 hobgoblins
  3 jackals (D:2)
  39 kobolds
  5 quokkas
  10 ball pythons
  5 bats
  5 frilled lizards
  29 rats
359 creatures vanquished.

Vanquished Creatures (collateral kills)
  Urug (D:10)
  3 killer bees
  An iguana (D:6)
  A gnoll (D:9)
  An orc (D:3)
  A jackal (D:2)
  A kobold (D:3)
9 creatures vanquished.

Vanquished Creatures (others)
  14 fungi (D:10)
  11 plants
25 creatures vanquished.

Grand Total: 393 creatures vanquished

Notes
Turn   | Place    | Note
-------+----------+-------------------------------------------
     0 | D:1      | pokeman the Deep Elf Hedge Wizard began the quest for the
                  | Orb.
     0 | D:1      | Reached XP level 1. HP: 10/10 MP: 7/7
   501 | D:1      | Reached XP level 2. HP: 15/15 MP: 7/9
   895 | D:1      | Found a faded altar of an unknown god.
  1304 | D:2      | Reached skill level 5 in Spellcasting
  1399 | D:2      | Reached XP level 3. HP: 11/20 MP: 3/11
  1403 | D:2      | Learned a level 3 spell: Conjure Flame
  1406 | D:2      | Learned a level 2 spell: Blink
  1410 | D:2      | Learned a level 3 spell: Mephitic Cloud
  1413 | D:2      | Learned a level 2 spell: Call Imp
  1750 | D:2      | Reached skill level 1 in Armour
  1970 | D:2      | Reached skill level 1 in Fighting
  2495 | D:3      | HP: 1/20 [orc priest/divine providence (11)]
  2499 | D:3      | Reached XP level 4. HP: 2/25 MP: 2/13
  2966 | D:3      | Found a hazy altar of Hepliaklqana.
  2969 | D:3      | Reached skill level 1 in Fire Magic
  3088 | D:3      | Reached skill level 6 in Spellcasting
  3128 | D:3      | Found a sparkling altar of Nemelex Xobeh.
  3136 | D:3      | Found a stormy altar of Qazlal.
  3136 | D:3      | Found a broken altar of Ashenzari.
  3136 | D:3      | Found a blossoming altar of Fedhas.
  3168 | D:3      | Found a shimmering altar of Xom.
  3168 | D:3      | Found an opulent altar of Gozag.
  3201 | D:3      | Reached XP level 5. HP: 20/29 MP: 8/15
  4086 | D:4      | HP: 1/29 [iguana (9)]
  4424 | D:4      | Reached skill level 1 in Air Magic
  4672 | D:4      | Noticed a necrophage
  4684 | D:4      | Killed a necrophage
  4685 | D:4      | Reached XP level 6. HP: 34/34 MP: 3/17
  4804 | D:4      | Reached skill level 1 in Poison Magic
  4942 | D:4      | Reached skill level 7 in Spellcasting
  5225 | D:4      | Reached skill level 1 in Evocations
  5640 | D:4      | Reached XP level 7. HP: 27/39 MP: 13/20
  5651 | D:4      | Reached skill level 8 in Spellcasting
  6474 | D:5      | Entered Level 5 of the Dungeon
  6585 | D:5      | Found a staircase to the Ecumenical Temple.
  6615 | Temple   | Entered the Ecumenical Temple
  6663 | Temple   | Became a worshipper of Vehumet
  6708 | D:5      | Found a runed translucent gate.
  6708 | D:5      | Found a runed translucent gate.
  6713 | D:5      | Found a runed translucent gate.
  6718 | D:5      | Noticed Rassilon's ghost (novice GnTm)
  6718 | D:5      | Noticed kd29's ghost (novice DrTm)
  6719 | D:5      | Noticed Zeld's ghost (weakling OpCj)
  6773 | D:5      | Reached skill level 9 in Spellcasting
  6773 | D:5      | Reached XP level 8. HP: 44/44 MP: 15/23
  7030 | D:5      | Found a glowing drain.
  7046 | Sewer    | Entered a sewer
  7428 | Sewer    | Reached * piety under Vehumet
  7428 | Sewer    | Offered knowledge of Sandblast by Vehumet.
  8027 | D:5      | Reached skill level 5 in Conjurations
  8372 | D:5      | Killed Rassilon's ghost
  8373 | D:5      | Reached skill level 10 in Spellcasting
  8414 | D:5      | Killed kd29's ghost
  8415 | D:5      | Reached XP level 9. HP: 26/48 MP: 7/25
  8670 | D:5      | Killed Zeld's ghost
  8785 | D:6      | HP: 2/48 [killer bee (7)]
  8797 | D:6      | Reached ** piety under Vehumet
  8805 | D:6      | Reached skill level 11 in Spellcasting
  8805 | D:6      | Reached skill level 5 in Evocations
  8815 | D:6      | Offered knowledge of Shock by Vehumet.
  8818 | D:6      | Learned a level 1 spell: Shock
  9089 | D:6      | Reached skill level 1 in Shields
  9504 | D:6      | HP: 2/48 [something (6)]
 10975 | D:7      | Found Riemaq's Magic Scroll Boutique.
 10992 | D:7      | Reached skill level 12 in Spellcasting
 11006 | D:7      | Bought a scroll of magic mapping for 42 gold pieces
 11006 | D:7      | Bought a scroll of magic mapping for 42 gold pieces
 11006 | D:7      | Bought a scroll of identify for 24 gold pieces
 11006 | D:7      | Bought 3 scrolls of identify for 72 gold pieces
 11006 | D:7      | Bought a scroll of identify for 24 gold pieces
 11006 | D:7      | Bought a scroll of teleportation for 36 gold pieces
 11006 | D:7      | Bought a scroll of fog for 24 gold pieces
 11006 | D:7      | Bought a scroll of blinking for 90 gold pieces
 11410 | D:7      | Identified the +3 spear of Pain and Death {holy, Dex+2}
 11418 | D:7      | Noticed Joseph
 11529 | D:7      | Killed Joseph
 11530 | D:7      | Reached XP level 10. HP: 19/53 MP: 13/28
 12147 | D:7      | Offered knowledge of Frozen Ramparts by Vehumet.
 12391 | D:8      | Noticed Maurice
 12406 | D:8      | Reached *** piety under Vehumet
 12409 | D:8      | Found a flagged portal.
 12421 | Bailey   | Entered a bailey
 12567 | Bailey   | Offered knowledge of Airstrike by Vehumet.
 12708 | Bailey   | Noticed an orc knight
 12748 | Bailey   | Killed an orc knight
 13137 | D:8      | Reached skill level 13 in Spellcasting
 13170 | D:8      | Reached **** piety under Vehumet
 13236 | D:8      | Offered knowledge of Inner Flame by Vehumet.
 14058 | D:8      | Paralysed by Maurice for 3 turns
 14082 | D:8      | Killed Maurice
 14083 | D:8      | Reached skill level 5 in Fire Magic
 14225 | D:9      | Noticed Erica
 14476 | D:9      | Noticed Grum
 14486 | D:9      | Killed Grum
 14680 | D:9      | Killed Erica
 14681 | D:9      | Reached skill level 14 in Spellcasting
 15027 | D:9      | Reached XP level 11. HP: 58/58 MP: 23/31
 15337 | D:9      | Noticed a two-headed ogre
 15348 | D:9      | Killed a two-headed ogre
 15617 | D:10     | Entered Level 10 of the Dungeon
 15763 | D:10     | Noticed Urug
 15776 | D:10     | Killed Urug
 16577 | D:10     | Reached ***** piety under Vehumet
 16577 | D:10     | Offered knowledge of Starburst by Vehumet.
 16585 | D:10     | Learned a level 6 spell: Starburst
 16715 | D:10     | Found a staircase to the Lair.
 16793 | D:10     | Found a burning altar of Makhleb.
 16908 | D:11     | Reached skill level 15 in Spellcasting
 17261 | D:11     | Noticed a four-headed hydra
 17754 | D:11     | Killed a four-headed hydra
 17849 | D:11     | Noticed a boulder beetle
 17856 | D:11     | Killed a boulder beetle
 18178 | D:12     | Noticed a deep elf pyromancer
 18187 | D:12     | Killed a deep elf pyromancer
 18231 | D:12     | Noticed a two-headed ogre
 18234 | D:12     | Killed a two-headed ogre
 18235 | D:12     | Reached XP level 12. HP: 43/66 MP: 12/33
 18444 | D:12     | Learned a level 6 spell: Freezing Cloud
 18905 | D:12     | Reached skill level 16 in Spellcasting
 18911 | D:12     | Reached skill level 1 in Ice Magic
 19076 | D:12     | Noticed Nergalle
 19080 | D:12     | Killed Nergalle
 19167 | D:12     | Noticed Jorgrun
 19174 | D:12     | Reached skill level 10 in Conjurations
 19178 | D:12     | Killed from afar by Jorgrun

Illustrated notes

Levels and vault maps discovered:
D:1:      amcnicky_arrival_choice, layout_basic,
          hellmonk_ecumenical_altar_lost_god
D:2:      layout_rooms
D:3:      layout_basic, minmay_overflow_temple_hex, old_standard_altar,
          kennysheep_generic_room_10
D:4:      layout_basic, lightli_minifort
D:5:      layout_cave_pools, temple_pool_b, gammafunk_ghost_cemetery,
          portal_sewer_entry_b, serial_bayou_pond_c, kennysheep_minor_cross,
          hangedman_glass_teeth
D:6:      layout_basic, chequers_garden, minmay_holes, minmay_manual_mail
D:7:      layout_gridville, serial_shops, shop_statue, kennysheep_doodads,
          uniq_joseph
D:8:      layout_basic, enter_bailey_5, uniq_maurice
D:9:      layout_loops_cross, hangedman_abyss_or_decor_clamps,
          minmay_splitting_lines, uniq_erica, uniq_grum
D:10:     layout_cave_pools, bloody_makhleb, grunt_lair_entry_orc_guard_hut,
          uniq_urug
D:11:     layout_roguey, nzn_sisyphean_effort
D:12:     layout_loops_ring, david_orc_5, uniq_jorgrun, uniq_nergalle
Temple:   jpeg_temple_clearing

Skill      XL: |  1  2  3  4  5  6  7  8  9 10 11 12 |
---------------+-------------------------------------+-----
Spellcasting   | 5 6 7 9 10 12 14 15 16 | 16.2
Armour         | 1 3 4 |  4.1
Fighting       | 1 2 4 |  4.1
Conjurations   | 2 3 4 5 7 8 9 10 | 10.0
Fire Magic     | 1 3 5 7 |  7.9
Dodging        | 3 |  3.0
Air Magic      | 1 |  1.0
Stealth        | 3 |  3.2
Poison Magic   | 1 |  1.0
Evocations     | 1 3 4 5 |  5.0
Shields        | 2 4 |  4.0
Ice Magic      | 1 |  1.0
Summonings     | |  1.1
Translocations | |  1.1

Action                   |  1- 3 |  4- 6 |  7- 9 | 10-12 || total
-------------------------+-------+-------+-------+-------++-------
Melee: Dagger            |     8 |     1 |       |       ||     9
       Staff             |       |     9 |    33 |    40 ||    82
       Whip              |       |       |     6 |       ||     6
 Fire: Hand crossbow     |       |       |    41 |       ||    41
       Shortbow          |       |       |       |     2 ||     2
Throw: Dart              |       |       |       |     2 ||     2
       Throwing net      |       |       |       |     1 ||     1
 Cast: Magic Dart        |   117 |   121 |   210 |     1 ||   449
       Call Imp          |     2 |       |    13 |    13 ||    28
       Mephitic Cloud    |     1 |     6 |    26 |    30 ||    63
       Conjure Flame     |     1 |     2 |    24 |    30 ||    57
       Blink             |       |     1 |     2 |     1 ||     4
       Shock             |       |       |    68 |   332 ||   400
       Starburst         |       |       |       |    46 ||    46
  Use: Scroll            |       |       |    10 |     3 ||    13
       Potion            |       |       |     1 |       ||     1
 Stab: Sleeping          |     1 |       |       |       ||     1
       Confused          |       |     1 |     2 |     4 ||     7
Armor: Robe              |     5 |       |       |       ||     5
       Leather armour    |     3 |     2 |    13 |       ||    18
       Steam dragon scal |       |       |       |    30 ||    30
Dodge: Dodged            |    13 |    10 |    64 |    82 ||   169
Block: Buckler           |       |       |       |    12 ||    12

Table legend: (Time is in decaauts)
 A = Elapsed time spent in this place.
 B = Non-inter-level travel time spent in this place.
 C = Inter-level travel time spent in this place.
 D = Time resting spent in this place.
 E = Time spent auto-exploring this place.
 F = Levels seen in this place.
 G = Mean time per level.
                   A        B        C        D        E       F      G
               +--------+--------+--------+--------+--------+-----+--------+
         Total |  19237 |  18693 |    544 |   2271 |  13384 |  15 | 1282.5 |
       Dungeon |  17628 |  17107 |    521 |   2193 |  12265 |  12 | 1469.0 |
        Temple |     72 |     49 |     23 |      0 |      0 |   1 |   72.0 |
         Sewer |    964 |    964 |      0 |      0 |    773 |   1 |  964.0 |
        Bailey |    571 |    571 |      0 |     78 |    346 |   1 |  571.0 |
               +--------+--------+--------+--------+--------+-----+--------+

Top non-repeatable levels by time:
     D:3: 2288 daAuts
     D:4: 1954 daAuts
     D:6: 1870 daAuts
     D:7: 1754 daAuts
     D:8: 1471 daAuts
    D:10: 1347 daAuts
     D:1: 1294 daAuts
     D:5: 1223 daAuts
     D:9: 1209 daAuts
    D:11: 1194 daAuts
     D:2: 1011 daAuts
    D:12: 1009 daAuts
   Sewer: 964 daAuts
  Bailey: 571 daAuts
  Temple: 72 daAuts
